NCAA
OREGON DUCKS @ GEORGIA BULLDOGS
04/20/2028
 
TOP OF THE 1ST
Oregon Ducks batting - Pitching for Georgia Bulldogs : RHP Jason Rose
Pitching: RHP Jason Rose
Batting: LHB Peter Rodgers 0-0: Called Strike
0-1: Ground out U3 (Groundball, 3)
Batting: RHB Sean Smith 0-0: Called Strike
0-1: Foul Ball, location: 2F
0-2: Ball
1-2: Ground out 4-3 (Groundball, 4M)
Batting: SHB Martin Goodwin 0-0: Hit by Pitch
Batting: RHB Raúl González 0-0: Ball
1-0: Ball
2-0: Ball
3-0: Base on Balls
Martin Goodwin to second
Batting: RHB Michael Heller 0-0: Foul Ball, location: 2F
0-1: Called Strike
0-2: Ball
1-2: Strikes out looking
Top of the 1st over - 0 run(s), 0 hit(s), 0 error(s), 2 left on base; Oregon 0 - Georgia 0
BOTTOM OF THE 1ST
Georgia Bulldogs batting - Pitching for Oregon Ducks : LHP Scott Jackson
Pitching: LHP Scott Jackson
Batting: RHB John Field 0-0: Ball
1-0: Ball
2-0: Ball
3-0: Called Strike
3-1: Swinging Strike
3-2: Foul Ball, location: 2F
3-2: Foul Ball, location: 2F
3-2: Foul Ball, location: 2F
3-2: Strikes out swinging
Batting: RHB Ángel Torres 0-0: Called Strike
0-1: Swinging Strike
0-2: Strikes out swinging
Batting: RHB Tom Stoltz 0-0: Called Strike
0-1: SOLO HOME RUN (Flyball, 8LXD), Distance : 400 ft
Batting: SHB Jean-François St-Amant 0-0: Ball
1-0: Called Strike
1-1: Ball
2-1: Fly out, F9 (Flyball, 9)
Bottom of the 1st over - 1 run(s), 1 hit(s), 0 error(s), 0 left on base; Oregon 0 - Georgia 1
TOP OF THE 2ND
Oregon Ducks batting - Pitching for Georgia Bulldogs : RHP Jason Rose
Batting: LHB Jerry López 0-0: Ball
1-0: Fly out, F8 (Flyball, 8RM)
Batting: RHB José Vega 0-0: Foul Ball, location: 2F
0-1: Ground out 5-3 (Groundball, 56S)
Batting: RHB Tim Smith 0-0: Ball
1-0: Called Strike
1-1: Ball
2-1: Called Strike
2-2: Strikes out swinging
Top of the 2nd over - 0 run(s), 0 hit(s), 0 error(s), 0 left on base; Oregon 0 - Georgia 1
BOTTOM OF THE 2ND
Georgia Bulldogs batting - Pitching for Oregon Ducks : LHP Scott Jackson
Batting: RHB Gerald Miller 0-0: Ground out 4-3 (Groundball, 4)
Batting: RHB Russell Maldonado 0-0: Ground out 5-3 (Groundball, 56)
Batting: RHB Ernie Ross 0-0: Ball
1-0: Ball
2-0: Ground out 5-3 (Groundball, 56)
Bottom of the 2nd over - 0 run(s), 0 hit(s), 0 error(s), 0 left on base; Oregon 0 - Georgia 1
TOP OF THE 3RD
Oregon Ducks batting - Pitching for Georgia Bulldogs : RHP Jason Rose
Batting: RHB Diego Molina 0-0: Swinging Strike
0-1: Ball
1-1: Fly out, F6 (Line Drive, 6M)
Batting: LHB Peter Rodgers 0-0: Fly out, F8 (Line Drive, 8LM)
Batting: RHB Sean Smith 0-0: Ball
1-0: Called Strike
1-1: Called Strike
1-2: Foul Ball, location: 2F
1-2: Ball
2-2: Fly out, F8 (Flyball, 8LM)
Top of the 3rd over - 0 run(s), 0 hit(s), 0 error(s), 0 left on base; Oregon 0 - Georgia 1
BOTTOM OF THE 3RD
Georgia Bulldogs batting - Pitching for Oregon Ducks : LHP Scott Jackson
Batting: RHB Jeff Allen 0-0: Ball
1-0: Ball
2-0: Called Strike
2-1: Called Strike
2-2: SOLO HOME RUN (Line Drive, 7D), Distance : 374 ft
Batting: LHB Bill Williams 0-0: Ball
1-0: Called Strike
1-1: Ground out 1-3 (Groundball, P)
Batting: RHB John Field 0-0: Foul Ball, location: 2F
0-1: Ball
1-1: Ball
2-1: Ball
3-1: Foul Ball, location: 2F
3-2: Strikes out swinging
Batting: RHB Ángel Torres 0-0: Ball
1-0: Foul Ball, location: 2F
1-1: Ball
2-1: Reached on error, E6 (Groundball, 56)
Batting: RHB Tom Stoltz 0-0: Foul Ball, location: 2F
0-1: Fly out, F6 (Popup, P)
Bottom of the 3rd over - 1 run(s), 1 hit(s), 1 error(s), 1 left on base; Oregon 0 - Georgia 2
TOP OF THE 4TH
Oregon Ducks batting - Pitching for Georgia Bulldogs : RHP Jason Rose
Batting: SHB Martin Goodwin 0-0: Fly out, F8 (Flyball, 8RM)
Batting: RHB Raúl González 0-0: Ball
1-0: Foul Ball, location: 2F
1-1: Ball
2-1: Called Strike
2-2: Strikes out swinging
Batting: RHB Michael Heller 0-0: Ball
1-0: Called Strike
1-1: Foul Ball, location: 2F
1-2: Ball
2-2: Ball
3-2: Base on Balls
Batting: LHB Jerry López 0-0: Ground out U3 (Groundball, 23)
Top of the 4th over - 0 run(s), 0 hit(s), 0 error(s), 1 left on base; Oregon 0 - Georgia 2
BOTTOM OF THE 4TH
Georgia Bulldogs batting - Pitching for Oregon Ducks : LHP Scott Jackson
Batting: SHB Jean-François St-Amant 0-0: Called Strike
0-1: Ground out 5-3 (Groundball, 56)
Batting: RHB Gerald Miller 0-0: Foul Ball, location: 2F
0-1: Ball
1-1: SINGLE (Groundball, 4D)
Batting: RHB Russell Maldonado 0-0: DOUBLE (Line Drive, 7LM)
Gerald Miller to third
Runner from 3rd tries for Home, SAFE, throw made home
Batting: RHB Ernie Ross 0-0: Ball
1-0: Called Strike
1-1: Ball
2-1: Called Strike
2-2: Foul Ball, location: 2F
2-2: Ball
3-2: Foul Ball, location: 2F
3-2: Foul Ball, location: 2F
3-2: Strikes out swinging
Batting: RHB Jeff Allen 0-0: Ball
1-0: Fly out, F8 (Flyball, 8LM)
Bottom of the 4th over - 1 run(s), 2 hit(s), 0 error(s), 1 left on base; Oregon 0 - Georgia 3
TOP OF THE 5TH
Oregon Ducks batting - Pitching for Georgia Bulldogs : RHP Jason Rose
Batting: RHB José Vega 0-0: Fly out, F4 (Popup, 4)
Batting: RHB Tim Smith 0-0: Ball
1-0: Foul Ball, location: 2F
1-1: Ball
2-1: Ball
3-1: Base on Balls
Batting: RHB Diego Molina 0-0: Called Strike
0-1: Ball
1-1: Fly out, F9 (Line Drive, 9)
Batting: LHB Peter Rodgers 0-0: Foul Ball, location: 2F
0-1: Ball
1-1: Ball
2-1: Ball
3-1: Base on Balls
Tim Smith to second
Batting: RHB Sean Smith 0-0: Ball
1-0: Ball
2-0: Ball
3-0: Called Strike
3-1: Foul Ball, location: 2F
3-2: Base on Balls
Tim Smith to third
Peter Rodgers to second
Batting: SHB Martin Goodwin 0-0: Called Strike
0-1: Foul Ball, location: 2F
0-2: Ground out 3-1 (Groundball, 34S)
Top of the 5th over - 0 run(s), 0 hit(s), 0 error(s), 3 left on base; Oregon 0 - Georgia 3
BOTTOM OF THE 5TH
Georgia Bulldogs batting - Pitching for Oregon Ducks : LHP Scott Jackson
Batting: LHB Bill Williams 0-0: Foul Ball, location: 2F
0-1: Foul Ball, location: 2F
0-2: Foul Ball, location: 2F
0-2: Strikes out swinging
Batting: RHB John Field 0-0: Swinging Strike
0-1: Ball
1-1: Called Strike
1-2: Ball
2-2: Ball
3-2: Base on Balls
Batting: RHB Ángel Torres 0-0: Ball
1-0: Ball
2-0: Called Strike
2-1: Ball
3-1: Fly out, F5 (Popup, 5L)
Batting: RHB Tom Stoltz 0-0: Ball
1-0: Ball
2-0: Fly out, F4 (Popup, 3D)
Bottom of the 5th over - 0 run(s), 0 hit(s), 0 error(s), 1 left on base; Oregon 0 - Georgia 3
TOP OF THE 6TH
Oregon Ducks batting - Pitching for Georgia Bulldogs : RHP Jason Rose
Batting: RHB Raúl González 0-0: Foul Ball, location: 2F
0-1: Foul Ball, location: 2F
0-2: Ball
1-2: Ball
2-2: Ball
3-2: TRIPLE (Flyball, 9LM)
Batting: RHB Michael Heller 0-0: Ball
1-0: Ground out 6-3 (Groundball, 6)
Raúl González scores
Batting: LHB Jerry López 0-0: Ball
1-0: Ball
2-0: Fly out, F7 (Flyball, 78M)
Batting: RHB José Vega 0-0: Called Strike
0-1: Swinging Strike
0-2: Ball
1-2: Foul Ball, location: 2F
1-2: Ball
2-2: Ball
3-2: Base on Balls
Pitching: LHP Mark Williams
Batting: RHB Tim Smith 0-0: Ball
1-0: Ball
2-0: Ball
3-0: Base on Balls
José Vega to second
Batting: RHB Diego Molina 0-0: Fly out, F8 (Flyball, 8RM)
Top of the 6th over - 1 run(s), 1 hit(s), 0 error(s), 2 left on base; Oregon 1 - Georgia 3
BOTTOM OF THE 6TH
Georgia Bulldogs batting - Pitching for Oregon Ducks : LHP Scott Jackson
Batting: SHB Jean-François St-Amant 0-0: Called Strike
0-1: Ball
1-1: Called Strike
1-2: Ball
2-2: Fly out, F7 (Line Drive, 7)
Pitching: RHP Dave Bryant
Batting: RHB Gerald Miller 0-0: Called Strike
0-1: Swinging Strike
0-2: Ball
1-2: Ball
2-2: Ball
3-2: Fly out, F4 (Popup, 4D)
Batting: RHB Russell Maldonado 0-0: Ball
1-0: Ball
2-0: Called Strike
2-1: Foul Ball, location: 2F
2-2: SINGLE (Line Drive, 4MD)
Batting: RHB Ernie Ross 0-0: Ball
1-0: Foul Ball, location: 2F
1-1: Ball
2-1: Foul Ball, location: 2F
2-2: Ball
3-2: Base on Balls
Russell Maldonado to second
Batting: RHB Jeff Allen 0-0: Ball
1-0: Swinging Strike
1-1: Foul Ball, location: 2F
1-2: Foul Ball, location: 2F
1-2: Foul Ball, location: 2F
1-2: Ball
2-2: 3-RUN HOME RUN (Flyball, 78XD), Distance : 362 ft
Pitching: LHP Curt James
Batting: LHB Bill Williams 0-0: Ball
1-0: Swinging Strike
1-1: Ground out 4-3 (Groundball, 4D)
Bottom of the 6th over - 3 run(s), 2 hit(s), 0 error(s), 0 left on base; Oregon 1 - Georgia 6
TOP OF THE 7TH
Oregon Ducks batting - Pitching for Georgia Bulldogs : LHP Mark Williams
Batting: LHB Peter Rodgers 0-0: Ball
1-0: Ball
2-0: Swinging Strike
2-1: Foul Ball, location: 2F
2-2: Foul Ball, location: 2F
2-2: Ground out 6-3 (Groundball, 6)
Batting: RHB Sean Smith 0-0: Ball
1-0: Ball
2-0: Foul Ball, location: 2F
2-1: Ball
3-1: Foul Ball, location: 2F
3-2: Fly out, F8 (Flyball, 8RM)
Batting: SHB Martin Goodwin 0-0: Ground out 5-3 (Groundball, 56)
Top of the 7th over - 0 run(s), 0 hit(s), 0 error(s), 0 left on base; Oregon 1 - Georgia 6
BOTTOM OF THE 7TH
Georgia Bulldogs batting - Pitching for Oregon Ducks : LHP Curt James
Batting: RHB John Field 0-0: Ball
1-0: Swinging Strike
1-1: Called Strike
1-2: Foul Ball, location: 2F
1-2: Foul Ball, location: 2F
1-2: Foul Ball, location: 2F
1-2: Ground out 6-3 (Groundball, 6MS)
Batting: RHB Ángel Torres 0-0: Called Strike
0-1: Ball
1-1: Foul Ball, location: 2F
1-2: Ball
2-2: SINGLE (Line Drive, 7S)
Batting: RHB Tom Stoltz 0-0: Ball
1-0: Ball
2-0: Called Strike
2-1: Ball
Ángel Torres steals 2nd base
3-1: Fly out, F8 (Flyball, 8RM)
Batting: SHB Jean-François St-Amant 0-0: Ball
1-0: SINGLE (Groundball, 6MD)
Ángel Torres to third
Runner from 3rd tries for Home, SAFE, no throw
Batting: RHB Gerald Miller 0-0: Ball
1-0: Swinging Strike
1-1: Ball
2-1: Swinging Strike
2-2: Foul Ball, location: 2F
2-2: Foul Ball, location: 2F
2-2: SINGLE (Groundball, 4S) (infield hit)
Jean-François St-Amant to second
Batting: RHB Russell Maldonado 0-0: Called Strike
0-1: Swinging Strike
0-2: Foul Ball, location: 2F
0-2: Strikes out looking
Bottom of the 7th over - 1 run(s), 3 hit(s), 0 error(s), 2 left on base; Oregon 1 - Georgia 7
TOP OF THE 8TH
Oregon Ducks batting - Pitching for Georgia Bulldogs : LHP Mark Williams
Batting: RHB Raúl González 0-0: Foul Ball, location: 2F
0-1: Ball
1-1: Foul Ball, location: 2F
1-2: Strikes out swinging
Batting: RHB Michael Heller 0-0: Foul Ball, location: 2F
0-1: Ball
1-1: Foul Ball, location: 2F
1-2: Ground out 6-3 (Groundball, 56)
Batting: LHB Jerry López 0-0: Ball
1-0: Swinging Strike
1-1: Foul Ball, location: 2F
1-2: Strikes out swinging
Top of the 8th over - 0 run(s), 0 hit(s), 0 error(s), 0 left on base; Oregon 1 - Georgia 7
BOTTOM OF THE 8TH
Georgia Bulldogs batting - Pitching for Oregon Ducks : LHP Curt James
Batting: RHB Ernie Ross 0-0: Ball
1-0: Ground out 6-3 (Groundball, 6M)
Batting: RHB Jeff Allen 0-0: Ball
1-0: Ball
2-0: Foul Ball, location: 2F
2-1: Ball
3-1: Base on Balls
Batting: LHB Bill Williams 0-0: Ball
1-0: Called Strike
1-1: Fly out, F5 (Popup, 56)
Batting: RHB John Field 0-0: Ball
1-0: Ball
2-0: Ball
3-0: Called Strike
3-1: TRIPLE (Line Drive, 3L)
Jeff Allen scores
Batting: RHB Ángel Torres 0-0: Ball
1-0: Foul Ball, location: 2F
1-1: Ball
2-1: Ball
3-1: Base on Balls
Batting: RHB Tom Stoltz 0-0: Called Strike
0-1: Called Strike
0-2: Fielders Choice at 2nd, 6-4 (Groundball, 6)
Bottom of the 8th over - 1 run(s), 1 hit(s), 0 error(s), 1 left on base; Oregon 1 - Georgia 8
TOP OF THE 9TH
Oregon Ducks batting - Pitching for Georgia Bulldogs : LHP Mark Williams
Now at 1B: Leroy Surtees
Batting: RHB José Vega 0-0: Called Strike
0-1: Fly out, F9 (Line Drive, 89M)
Batting: RHB Tim Smith 0-0: Foul Ball, location: 2F
0-1: Swinging Strike
0-2: Fly out, F8 (Line Drive, 89M)
Batting: RHB Diego Molina 0-0: Fly out, F8 (Flyball, 8RM)
Top of the 9th over - 0 run(s), 0 hit(s), 0 error(s), 0 left on base; Oregon 1 - Georgia 8
Tuesday, August 8th, 2017 - OOTP Baseball 17.12 Build 75